 Dungeon Crawl Stone Soup version 0.22-a0-305-gd21a89c (webtiles) character file.

22515 inmateoo the Brawler (level 13, -3/78 HPs)
             Began as a Gargoyle Arcane Marksman on Mar 29, 2018.
             Was a High Priest of Cheibriados.
             Slain by a stone giant (10 damage)
             ... on level 1 of the Orcish Mines.
             The game lasted 00:19:52 (13013 turns).

inmateoo the Brawler (Gargoyle Arcane Marksman)    Turns: 13013, Time: 00:19:52

Health: -3/78      AC: 28    Str: 31    XL:     13   Next: 0%
Magic:  6/18       EV: 12    Int: 26    God:    Cheibriados [*****.]
Gold:   501        SH: 20    Dex: 29    Spells: 13/14 levels left

rFire    . . .     SeeInvis .     - Unarmed
rCold    . . .     Gourm    +   u - +0 large shield
rNeg     + . .     Faith    .   n - +2 chain mail {rPois}
rPois    ∞         Spirit   .   p - +1 helmet
rElec    +         Reflect  .   x - +0 cloak
rCorr    .         Harm     .   i - +0 pair of gloves
MR       +....                  K - +1 pair of boots {Fly}
Stlth    ..........             c - amulet of the gourmand
HPRegen  0.23/turn              r - +2 ring of dexterity (curse)
MPRegen  0.16/turn              l - ring of protection from magic

@: agile, flying, very slow
A: negative energy resistance 1, electricity resistance, unbreathing,
petrification resistance, rot immunity, AC +9
a: Bend Time, Temporal Distortion, Slouch, Step From Time, Renounce Religion,
Stop Flying


You were on level 1 of the Orcish Mines.
You worshipped Cheibriados.
Cheibriados was extremely pleased with you.
You were completely stuffed.

You visited 2 branches of the dungeon, and saw 14 of its levels.
You also visited: Bailey.

You collected 704 gold pieces.
You spent 203 gold pieces at shops.

Inventory:

Hand Weapons
 a - a +1 hand crossbow
 s - a +2 whip of venom
Missiles
 d - 33 bolts
 B - 2 throwing nets (quivered)
 C - 41 tomahawks of returning
Armour
 i - a +0 pair of gloves (worn)
 n - a +2 chain mail of poison resistance (worn)
 p - a +1 helmet (worn)
 u - a +0 large shield (worn)
 x - a +0 cloak (worn)
 K - a +1 pair of boots of flying (worn)
Jewellery
 c - an amulet of the gourmand (around neck)
 j - an uncursed ring of fire
 l - a ring of protection from magic (right hand)
 r - a cursed +2 ring of dexterity (left hand)
 A - an uncursed ring of protection from cold {unknown}
Wands
 D - a wand of disintegration (21)
 E - a wand of paralysis (21)
Scrolls
 g - 2 scrolls of identify
 h - 2 scrolls of enchant armour
 q - 2 scrolls of remove curse
 t - 4 scrolls of enchant weapon
 y - a scroll of magic mapping
 F - a scroll of brand weapon
 H - 2 scrolls of teleportation
 J - 2 scrolls of blinking
Potions
 b - a potion of might
 e - 2 potions of haste
 k - 2 potions of agility
 m - a potion of mutation
 o - a potion of cancellation
 v - a potion of curing
 z - a potion of flight
 G - 3 potions of brilliance
 I - a potion of magic
 L - a potion of experience
Miscellaneous
 w - a lightning rod (inert)
Comestibles
 f - 11 rations


   Skills:
 - Level 8.0 Fighting
 - Level 2.0 Crossbows
 - Level 5.0 Armour
 - Level 1.5 Dodging
 + Level 9.4 Shields
 - Level 15.0 Unarmed Combat
 - Level 1.0 Spellcasting
 - Level 2.6 Hexes
 - Level 7.0 Invocations
 - Level 4.0 Evocations


You had 13 spell levels left.
You knew the following spells:

 Your Spells              Type           Power        Failure   Level  Hunger
a - Corona                Hex            ###....      78%         1    ##.....


Dungeon Overview and Level Annotations

Branches:
Dungeon (13/15)            Temple (0/1) D:7            Lair (0/6) D:11
    Orc (1/2) D:11
 Vaults: D:13-14

Altars:
Cheibriados
Dithmenos
Gozag
Nemelex Xobeh
Qazlal
Vehumet
Wu Jian
Xom
Yredelemnul
Zin

Shops:
D:6 *[*=}   D:10 *

Annotations:
D:9 4 runed doors


Innate Abilities, Weirdness & Mutations

You are resistant to torment.
Your stone body is resilient. (AC +9)
You are immune to poison.
You resist negative energy. (rN+)
You are resistant to electric shocks. (rElec)
You can survive without breathing.
You are immune to petrification.
You are immune to rotting.


Message History

You punch the stone giant!
The stone giant is heavily wounded.
You block the stone giant's attack.
The orc warrior hits you but does no damage.
You feel better. The stone giant closely misses you.
Unknown command.
You feel better. You block the orc warrior's attack.
You block the orc priest's attack. The stone giant hits you!
* * * LOW HITPOINT WARNING * * *
Unknown command.
Unknown command.
You pummel the orc priest!!
You kill the orc priest!
Cheibriados appreciates the change of pace.
You block the orc warrior's attack.
Unknown command.
Unknown command.
You feel agile all of a sudden. The stone giant hits you!
You die...

.....8.... ..o.)).8..
..)....).####
...o...$....# .....
.#......o.).....##
.....##..... #.).)....#
.....#.....# #.))....#
.....#.....## ###o)..##
............# #@C()...#
............####.)...$.#
..............##.....###
....................#.#
......................#
....................###
.....#...............#
...............#######
.....................#


You could see a stone giant and an orc warrior.

Vanquished Creatures
  An orc warlord (Bailey)
  Snorg (D:11)
  A hydra (D:11)
  Harold (D:10)
  5 two-headed ogres
  An orc high priest (Orc:1)
  An unseen horror (D:10)
  3 orc knights
  An ugly thing (D:11)
  An orc sorcerer (D:11)
  2 cyclopes (D:11)
  Maurice (D:9)
  A manticore (D:11)
  A queen bee (D:9)
  4 trolls
  3 hippogriffs
  2 polar bears (D:8)
  Prince Ribbit (D:6)
  A wyvern (D:12)
  A shadow (D:11)
  A vampire (D:10)
  7 yaks
  4 hungry ghosts
  A steam dragon (D:9)
  3 wargs
  5 orc warriors
  4 phantoms
  A black bear (D:8)
  6 ice beasts
  A necrophage (D:6)
  2 sky beasts (D:5)
  A wolf (D:8)
  5 ogres
  3 centaurs
  5 big kobolds
  A crocodile (D:8)
  A wyvern zombie (D:12)
  4 bullfrogs
  5 scorpions
  22 killer bees
  2 jellies
  6 howler monkeys
  6 wights (D:7)
  4 electric eels
  The ghost of inmateoo the Ruffian, a weakling GrAM (D:3)
  4 crimson imps
  3 quasits
  3 bullfrog zombies
  A bullfrog skeleton (D:6)
  3 hounds
  8 orc priests
  2 centaur skeletons
  Jessica (D:3)
  3 iguanas
  4 orc wizards
  8 worker ants
  2 killer bee zombies
  A hound zombie (D:7)
  A hound skeleton (D:9)
  Robin (D:2)
  A howler monkey zombie (D:10)
  6 gnolls
  12 adders
  A white imp (D:8)
  2 ufetubi (D:8)
  An adder zombie (D:7)
  3 worms
  A dart slug (D:1)
  4 leopard geckos
  28 orcs
  10 giant cockroaches
  21 goblins
  15 hobgoblins
  9 jackals
  3 quokkas
  A ball python (D:3)
  13 bats
  4 frilled lizards
  A jackal skeleton (D:5)
  39 kobolds
  8 rats
362 creatures vanquished.

Notes
Turn   | Place    | Note
-------+----------+-------------------------------------------
     0 | D:1      | inmateoo the Gargoyle Arcane Marksman began the quest for the Orb.
     0 | D:1      | Reached XP level 1. HP: 12/12 MP: 2/2
   210 | D:1      | Reached XP level 2. HP: 17/18 MP: 3/3
   560 | D:1      | Reached skill level 1 in Unarmed Combat
   708 | D:1      | Reached XP level 3. HP: 22/22 MP: 4/4
  1135 | D:2      | Reached skill level 2 in Unarmed Combat
  1431 | D:2      | Noticed a scorpion
  1439 | D:2      | Killed a scorpion
  1439 | D:2      | Reached XP level 4. HP: 17/28 MP: 5/5
  1609 | D:2      | Reached skill level 3 in Unarmed Combat
  1732 | D:2      | Reached XP level 5. HP: 32/32 MP: 6/6
  2054 | D:3      | Noticed Robin
  2136 | D:3      | Noticed inmateoo's ghost (weakling GrAM)
  2213 | D:2      | Killed Robin
  2461 | D:3      | Killed inmateoo's ghost
  2461 | D:3      | Reached skill level 4 in Unarmed Combat
  2682 | D:3      | Noticed Jessica
  2686 | D:3      | Killed Jessica
  2686 | D:3      | Reached XP level 6. HP: 35/38 MP: 7/7
  3408 | D:4      | Reached skill level 5 in Unarmed Combat
  4141 | D:5      | Entered Level 5 of the Dungeon
  4156 | D:5      | Noticed a sky beast
  4175 | D:5      | Killed a sky beast
  4175 | D:5      | Reached skill level 6 in Unarmed Combat
  4175 | D:5      | Reached XP level 7. HP: 40/43 MP: 8/8
  4198 | D:5      | Found a basalt altar of Yredelemnul.
  4198 | D:5      | Found a radiant altar of Vehumet.
  4199 | D:5      | Found a glowing silver altar of Zin.
  4200 | D:5      | Found a shimmering altar of Xom.
  4200 | D:5      | Found an ornate altar of the Wu Jian Council.
  4523 | D:5      | Found an opulent altar of Gozag.
  4704 | D:5      | Reached skill level 7 in Unarmed Combat
  4915 | D:5      | Reached XP level 8. HP: 44/48 MP: 9/9
  5114 | D:5      | Reached skill level 8 in Unarmed Combat
  5737 | D:6      | Found Xoraare's Assorted Antiques.
  5761 | D:6      | Bought a scroll of identify for 58 gold pieces
  5761 | D:6      | Bought a scroll labeled KASHEG DYCW for 29 gold pieces
  5761 | D:6      | Bought a scroll labeled KASHEG DYCW for 29 gold pieces
  5761 | D:6      | Bought a scroll labeled UFARONG XUORPH for 29 gold pieces
  5761 | D:6      | Bought a scroll of identify for 58 gold pieces
  5820 | D:6      | Found Fiw Cou's Armour Shop.
  5826 | D:6      | Found a snail-covered altar of Cheibriados.
  5829 | D:6      | Found a sparkling altar of Nemelex Xobeh.
  5840 | D:6      | Became a worshipper of Cheibriados the Contemplative
  5971 | D:6      | Reached skill level 9 in Unarmed Combat
  6096 | D:6      | Found Wecras's Gadget Emporium.
  6113 | D:6      | Found Acug's Jewellery Shoppe.
  6231 | D:6      | Noticed Prince Ribbit
  6261 | D:6      | Killed Prince Ribbit
  6377 | D:6      | Found Fudiqun's General Store.
  6426 | D:6      | Reached skill level 10 in Unarmed Combat
  6626 | D:6      | Found a shadowy altar of Dithmenos.
  6660 | D:6      | Reached skill level 1 in Armour
  6660 | D:6      | Reached skill level 1 in Shields
  6660 | D:6      | Reached XP level 9. HP: 34/52 MP: 10/10
  7014 | D:7      | Reached * piety under Cheibriados
  7290 | D:7      | Reached skill level 1 in Invocations
  7440 | D:7      | Found a staircase to the Ecumenical Temple.
  7634 | D:8      | Reached skill level 5 in Fighting
  7704 | D:8      | Reached ** piety under Cheibriados
  7824 | D:8      | Found a stormy altar of Qazlal.
  7926 | D:8      | Noticed a polar bear
  7942 | D:8      | Reached skill level 11 in Unarmed Combat
  7950 | D:8      | Killed a polar bear
  7968 | D:8      | Noticed a polar bear
  8034 | D:8      | Reached XP level 10. HP: 46/60 MP: 10/12
  8126 | D:8      | Noticed a two-headed ogre
  8134 | D:8      | Noticed a two-headed ogre
  8148 | D:8      | Killed a two-headed ogre
  8154 | D:8      | Killed a two-headed ogre
  8770 | D:9      | Noticed a two-headed ogre
  8809 | D:8      | Killed a two-headed ogre
  8809 | D:8      | Reached skill level 5 in Armour
  8809 | D:8      | Reached skill level 5 in Shields
  8809 | D:8      | Reached skill level 12 in Unarmed Combat
  8902 | D:9      | Noticed Maurice
  8909 | D:9      | Killed Maurice
  8924 | D:9      | Reached skill level 5 in Invocations
  8944 | D:9      | Noticed a two-headed ogre
  8952 | D:9      | Killed a two-headed ogre
  8952 | D:9      | Reached XP level 11. HP: 28/67 MP: 13/15
  9176 | D:9      | Found a huge runed gate.
  9176 | D:9      | Found a huge runed gate.
  9176 | D:9      | Found a huge runed gate.
  9176 | D:9      | Found a huge runed gate.
  9176 | D:9      | Noticed a death yak
  9176 | D:9      | Noticed a death yak
  9255 | D:9      | Reached *** piety under Cheibriados
  9319 | D:9      | Identified the Tome of Good Luck and Displacement
  9414 | D:9      | Noticed a two-headed ogre
  9423 | D:9      | Killed a two-headed ogre
  9624 | D:9      | Reached **** piety under Cheibriados
  9935 | D:10     | Entered Level 10 of the Dungeon
  9940 | D:10     | Found Rieblear's Assorted Antiques.
  9971 | D:10     | Reached skill level 13 in Unarmed Combat
  9998 | D:10     | Reached skill level 1 in Evocations
 10033 | D:10     | Noticed Harold
 10045 | D:10     | Killed Harold
 10324 | D:10     | Killed an unseen horror
 10534 | D:10     | Reached XP level 12. HP: 60/73 MP: 17/17
 10776 | D:11     | Found a staircase to the Orcish Mines.
 10815 | D:11     | Noticed a four-headed hydra
 10823 | D:11     | Killed a four-headed hydra
 10851 | D:11     | Reached ***** piety under Cheibriados
 10860 | D:11     | Found a flagged portal.
 10875 | Bailey   | Entered a bailey
 10881 | Bailey   | Noticed an orc warlord
 11095 | Bailey   | Found a runed gate.
 11096 | Bailey   | Found a runed gate.
 11097 | Bailey   | Found a runed gate.
 11158 | Bailey   | Killed an orc warlord
 11189 | Bailey   | Identified a scroll of acquirement
 11346 | D:11     | Reached skill level 14 in Unarmed Combat
 11379 | D:11     | Found a staircase to the Lair.
 12558 | Orc:1    | Entered Level 1 of the Orcish Mines
 12558 | Orc:1    | Noticed Snorg
 12569 | D:11     | Killed Snorg
 12632 | Orc:1    | Reached ****** piety under Cheibriados
 12985 | Orc:1    | Noticed an orc high priest
 12986 | Orc:1    | Noticed a soul eater
 12993 | Orc:1    | Noticed a stone giant
 12993 | Orc:1    | Reached skill level 15 in Unarmed Combat
 12996 | Orc:1    | Killed an orc high priest
 12996 | Orc:1    | Reached XP level 13. HP: 59/78 MP: 2/18
 13008 | Orc:1    | HP: 3/78 [stone giant (24)]
 13013 | Orc:1    | Slain by a stone giant

Vault maps used:
D:1:      dpeg_arrival_tiny_h, hangedman_abyss_or_decor_stabs, roderic_lattice_a
D:2:      kennysheep_big_flooded_room
D:3:      uniq_robin, uniq_jessica
D:4:      minmay_misc_feat_tower
D:5:      grunt_temple_overflow_open, nicolae_gozag_seed_capital, first_ration
D:6:      nemelex_xobeh_ov_fountains_minmay, serial_shops, shop,
          kennysheep_little_box, shop, kennysheep_mini, shop, basic_altar,
          grunt_dithmenos_shadows, uniq_prince_ribbit1
D:7:      minmay_temple_entry_enclosed_plants
D:8:      nicolae_qazlal_general_emergency, serial_ice, serial_ice_l,
          serial_ice_h, serial_ice_a, serial_ice_c
D:9:      lemuel_bear_cage, david_nohive_1, uniq_maurice
D:10:     serial_shops, nicolae_shop_behind_doors, uniq_erica, uniq_erolcha,
          uniq_sonja, uniq_harold
D:11:     erik_lair_orcish_takeover, orc_0_dummy, enter_bailey_3
D:12:     fedhas_altar_1
D:13:     david_vaults_1, minmay_splitting_lines, nicolae_ashenzari_panopticon,
          uniq_frances
Orc:1:    nicolae_orc_accident_2, uniq_snorg
Bailey:   bailey_axe_bossmonster_kennysheep, bailey

Skill      XL: |  1  2  3  4  5  6  7  8  9 10 11 12 |
---------------+-------------------------------------+-----
Fighting       | 2 3 4 5 7 8 |  8.0
Unarmed Combat | 1 2 3 4 6 7 10 11 12 13 15 | 15.0
Armour         | 1 3 5 |  5.0
Shields        | 1 3 5 6 9 |  9.4
Invocations    | 2 5 7 |  7.0
Evocations     | 2 4 |  4.0
Crossbows      | |  2.0
Dodging        | |  1.5
Spellcasting   | |  1.0
Hexes          | |  2.6

Action                   |  1- 3 |  4- 6 |  7- 9 | 10-12 | 13-15 || total
-------------------------+-------+-------+-------+-------+-------++-------
Melee: Dagger            |    10 |    15 |    60 |       |       ||    85
       Whip              |       |   195 |   156 |       |       ||   351
       Punch             |       |     5 |    11 |     4 |       ||    20
       Unarmed           |       |       |   279 |   676 |     8 ||   963
 Fire: Hand crossbow     |   104 |     5 |     5 |       |       ||   114
Throw: Tomahawk          |       |       |       |    16 |       ||    16
       Throwing net      |       |       |       |     1 |       ||     1
Invok: Slouch            |       |       |       |     4 |       ||     4
Evoke: Wand              |       |       |     1 |     3 |       ||     4
       Lightning rod     |       |       |       |     7 |       ||     7
  Use: Scroll            |     4 |     7 |    15 |    10 |       ||    36
       Potion            |       |       |     1 |     5 |     3 ||     9
 Stab: Sleeping          |       |     2 |       |       |       ||     2
       Invisible         |       |       |     1 |     3 |       ||     4
       Paralysed         |       |       |       |     7 |       ||     7
       Held in net/web   |       |       |       |     2 |       ||     2
  Eat: Chunk             |     2 |     6 |    11 |    21 |       ||    40
       Ration            |       |     1 |     2 |     2 |       ||     5
Armor: Robe              |     1 |       |       |       |       ||     1
       Ring mail         |    33 |   171 |    10 |       |       ||   214
       Plate armour      |       |       |   464 |    57 |       ||   521
       Skin              |       |       |       |    25 |       ||    25
       Chain mail        |       |       |       |   276 |     3 ||   279
Dodge: Dodged            |    47 |   141 |   149 |   139 |     3 ||   479
Block: Large shield      |       |       |       |   579 |    13 ||   592

Table legend:
 A = Spawn XP
 B = Non-spawn XP
 C = Spawn XP percentage of total XP
 D = Spawn monster count
 E = Non-spawn monster count
 F = Spawn count percentage of total count
 G = Total turns spent on level
                    A         B        C        D         E        F      G
               +---------+---------+-------+---------+---------+-------+---------
         Total |       0 |   32165 |   0.0 |       0 |     362 |   0.0 | 13013
               +---------+---------+-------+---------+---------+-------+---------
           D:1 |       0 |      41 |   0.0 |       0 |      25 |   0.0 |  1055
           D:2 |       0 |     160 |   0.0 |       0 |      24 |   0.0 |  1102
           D:3 |       0 |     192 |   0.0 |       0 |      29 |   0.0 |   967
           D:4 |       0 |     179 |   0.0 |       0 |       6 |   0.0 |  1017
           D:5 |       0 |     849 |   0.0 |       0 |      22 |   0.0 |  1589
           D:6 |       0 |    1033 |   0.0 |       0 |      15 |   0.0 |  1167
           D:7 |       0 |     928 |   0.0 |       0 |      24 |   0.0 |   702
           D:8 |       0 |    5213 |   0.0 |       0 |      34 |   0.0 |  1277
           D:9 |       0 |    5399 |   0.0 |       0 |      40 |   0.0 |  1059
          D:10 |       0 |    4792 |   0.0 |       0 |      39 |   0.0 |   841
          D:11 |       0 |    6646 |   0.0 |       0 |      44 |   0.0 |   990
          D:12 |       0 |     357 |   0.0 |       0 |       3 |   0.0 |   353
          D:13 |       0 |     133 |   0.0 |       0 |       1 |   0.0 |    70
         Orc:1 |       0 |    3723 |   0.0 |       0 |      29 |   0.0 |   404
        Bailey |       0 |    2520 |   0.0 |       0 |      27 |   0.0 |   420
               +---------+---------+-------+---------+---------+-------+---------
